 Dungeon Crawl Stone Soup version 0.29-a0-1033-gb6c65ffae6 (console) character file.

Game seed: 180679679652819596

86 jejorda2 the Cudgeller (level 4, -7/58 HPs)
             Began as a Palentonga Berserker on Aug 14, 2022.
             Was a Believer of Trog.
             Killed by divine providence
             ... invoked by an orc priest
              (13 damage)
             ... on level 3 of the Dungeon.
             The game lasted 00:05:09 (2012 turns).

jejorda2 the Cudgeller (Palentonga Berserker)       Turns: 2012, Time: 00:05:10

Health: -7/58      AC:  8    Str: 24    XL:     4   Next: 27%
Magic:  4/4        EV:  9    Int:  7    God:    Trog [**....]
Gold:   118        SH:  0    Dex: 10    Spells: 3/3 levels left

rFire   + . .      SeeInvis +   a - +0 mace
rCold   . . .      Faith    .   (no shield)
rNeg    . . .      Spirit   .   j - +1 ring mail {Will+}
rPois   .          Reflect  .   (no helmet)
rElec   .          Harm     .   r - +0 cloak
rCorr   +          Rampage  .   (no gloves)
Will    +....                   (no barding)
Stlth   ..........              o - amulet of regeneration
HPRegen 0.99/turn               l - ring of resist corrosion
MPRegen 0.09/turn               u - ring of protection from fire

@: berserking, very quick
A: large, rugged brown scales 3, see invisible, deformed body, roll 1, armoured
tail
a: Rolling Charge, Renounce Religion, Berserk, Trog's Hand


You were on level 3 of the Dungeon.
You worshipped Trog.
Trog was pleased with you.
You visited 1 branch of the dungeon, and saw 3 of its levels.

You collected 118 gold pieces.

Inventory:

Hand Weapons
 a - a +0 mace (weapon)
Missiles
 g - 40 stones
Armour
 j - a +1 ring mail of willpower (worn)
 r - a +0 cloak (worn)
Jewellery
 l - a ring of resist corrosion (left hand)
 o - an amulet of regeneration (around neck)
 u - a ring of protection from fire (right hand)
 w - a ring of willpower
Scrolls
 b - 2 scrolls of identify {unknown}
 c - 3 scrolls of fog {unknown}
 e - 2 scrolls of enchant armour {unknown}
 h - a scroll of teleportation {unknown}
 k - a scroll of fear {unknown}
 n - a scroll of amnesia {unknown}
 q - 2 scrolls of blinking {unknown}
 s - a scroll of vulnerability {unknown}
Potions
 d - a potion of invisibility {unknown}
 f - a potion of might {unknown}
 i - a potion of brilliance {unknown}
 m - a potion of heal wounds {unknown}
 p - 2 potions of ambrosia {unknown}
 t - a potion of resistance {unknown}
 v - a potion of attraction {unknown}


   Skills:
 + Level 3.8 Fighting
 + Level 3.8 Maces & Flails
 + Level 2.5 Armour
 - Level 1.5 Dodging


You had 3 spell levels left.
You didn't know any spells.
Your spell library was empty.

Dungeon Overview and Level Annotations

Branches:
Dungeon (3/15)

Altars:

Annotations:
D:3 exclusion: door


Innate Abilities, Weirdness & Mutations

You are completely covered in rugged brown scales. (AC +3, +7% HP)
You have supernaturally acute eyesight. (SInv)
Armour fits poorly on your strangely shaped body.
You can roll at nearby foes to attack.
You have a long armoured tail.


Message History

Found a stone staircase leading up.
There is a stone staircase leading up here.
v - a fuming purple potion
w - a ring of willpower A goblin comes into view.
It is wielding a +0 club.
The goblin shouts!
You roll forward with a clatter of scales!
You sock the goblin!
You kill the goblin!
Trog accepts your kill.
You see here a +0 club.
Found a stone staircase leading down.
An orc comes into view. It is wielding a +2 mace of protection.
The orc shouts!
An orc priest comes into view. It is wielding a +0 club.
An orc comes into view. It is wielding a +0 mace.
The orc priest shouts!
You start waiting.
There are monsters nearby!
You roll forward with a clatter of scales!
You closely miss the orc priest. The orc hits you with a +0 mace.
The orc priest mumbles some strange prayers to Beogh against you.
Beogh smites you!
The orc hits you with a +2 mace of protection.
The orc hits you with a +0 mace.
A red film seems to cover your vision as you go berserk!
You feel yourself moving faster!
You feel mighty!
The orc priest mumbles some strange prayers to Beogh against you.
Beogh smites you!
* * * LOW HITPOINT WARNING * * *
The orc hits you with a +2 mace of protection!
* * * LOW HITPOINT WARNING * * *
The orc hits you with a +0 mace.
* * * LOW HITPOINT WARNING * * *
You barely miss the orc priest. You tail-slap the orc priest!
You punch the orc priest.
The orc priest is almost dead.
The orc priest invokes the aid of Beogh against you.
Beogh smites you!
You die...

................. . ...
...##.##.#....#.#####
.........$......>........
#..###.####......#..#####
#..# #.####..#...........
#..# #.#.....#.###.#...##
#..# #.#.###.#.# ......
#..###.ooo...#.#####.#...
###......#@#)..............
#........+°............#.#>
###.#....#°#...............
#.+...##°#...............
###...##.#.########......
#.####.### #...........
#.####.# #.###.#+#+#.
#....<.# #.#.......#.
######.# #...#.#.###.


You could see an orc priest and 2 orcs.

Vanquished Creatures
  2 adders (D:2)
  2 worms
  3 dart slugs
  4 orcs (D:3)
  5 ball pythons
  4 bats
  4 endoplasms
  3 giant cockroaches
  6 goblins
  4 hobgoblins
  A quokka (D:2)
  2 frilled lizards (D:1)
  5 kobolds
  5 rats
50 creatures vanquished.

Notes
Turn   | Place    | Note
-------+----------+-------------------------------------------
     0 | D:1      | jejorda2 the Palentonga Berserker began the quest for the
                  | Orb.
     0 | D:1      | Reached XP level 1. HP: 19/19 MP: 1/1
    40 | D:1      | You fall into a shaft and drop 1 floor!
   382 | D:1      | Reached XP level 2. HP: 25/25 MP: 2/2
   968 | D:2      | Reached ** piety under Trog
   969 | D:2      | Reached XP level 3. HP: 29/31 MP: 3/3
  1748 | D:3      | Reached XP level 4. HP: 39/39 MP: 4/4
  2012 | D:3      | Killed from afar by an orc priest

Illustrated notes

Levels and vault maps discovered:
D:1:      dpeg_arrival_rhombus, layout_rooms, serial_glass, glass_columns_b,
          glass_columns_a
D:2:      cheibrodos_old_hovel, layout_basic
D:3:      minmay_goblin_kobold_castle, layout_basic,
          ebering_ecumenical_altar_rust, minmay_misc_feat_rows

Skill      XL: |  1  2 |
---------------+-------+-----
Armour         | 2 |  2.5
Fighting       | |  3.8
Maces & Flails | |  3.8
Dodging        | |  1.5

Action                   |  1- 3 |  4- 6 || total
-------------------------+-------+-------++-------
Melee: Mace              |    98 |    28 ||   126
       Tailslap          |     7 |     2 ||     9
       Punch             |     1 |     1 ||     2
Invok: Berserk           |     2 |     1 ||     3
 Abil: Rolling Charge    |    27 |     8 ||    35
Armor: Ring mail         |    39 |    12 ||    51
       Animal skin       |     3 |       ||     3
Dodge: Dodged            |    38 |     5 ||    43

Table legend: (Time is in decaauts)
 A = Elapsed time spent in this place.
 B = Non-inter-level travel time spent in this place.
 C = Inter-level travel time spent in this place.
 D = Time resting spent in this place.
 E = Time spent auto-exploring this place.
 F = Levels seen in this place.
 G = Mean time per level.
                   A        B        C        D        E       F      G
               +--------+--------+--------+--------+--------+-----+--------+
         Total |   2060 |   2019 |     41 |     49 |   1606 |   3 |  686.7 |
       Dungeon |   2060 |   2019 |     41 |     49 |   1606 |   3 |  686.7 |
               +--------+--------+--------+--------+--------+-----+--------+

Top non-repeatable levels by time:
     D:2: 1264 daAuts
     D:1: 551 daAuts
     D:3: 244 daAuts
